 Dungeon Crawl Stone Soup version 0.22-a0-407-gb098539 (webtiles) character file.

14 dstrtnsr the Chopper (level 2, 0/27 HPs)
             Began as a Hill Orc Berserker on May 9, 2018.
             Was a Follower of Trog.
             Succumbed to an adder's poison
             ... on level 2 of the Dungeon.
             The game lasted 00:00:18 (62 turns).

dstrtnsr the Chopper (Hill Orc Berserker)             Turns: 62, Time: 00:00:18

Health: 0/27       AC:  2    Str: 19    XL:     2   Next: 41%
Magic:  2/2        EV: 12    Int:  7    God:    Trog [*.....]
Gold:   0          SH:  0    Dex: 10    Spells: 1/1 levels left

rFire    . . .     SeeInvis .   a - +0 hand axe
rCold    . . .     Gourm    .   (no shield)
rNeg     . . .     Faith    .   b - +0 animal skin
rPois    .         Spirit   .   (no helmet)
rElec    .         Reflect  .   (no cloak)
rCorr    .         Harm     .   (no gloves)
MR       .....                  (no boots)
Stlth    +.........             (no amulet)
HPRegen  0.09/turn              (no ring)
MPRegen  0.08/turn              (no ring)

@: lethally poisoned (0 -> -5), berserk cooldown, slowed, very slow
A: no striking features
a: Berserk, Renounce Religion


You were on level 2 of the Dungeon.
You worshipped Trog.
Trog was aware of your devotion.
You were not hungry.

You visited 1 branch of the dungeon, and saw 2 of its levels.

Inventory:

Hand Weapons
 a - a +0 hand axe (weapon)
Armour
 b - a +0 animal skin (worn)
Comestibles
 d - a chunk of flesh
 e - 2 rations {!d}


   Skills:
 + Level 3.9 Fighting
 * Level 4.7 Axes
 - Level 2.1 Armour
 - Level 1.5 Dodging


You had one spell level left.
You didn't know any spells.

Dungeon Overview and Level Annotations

Branches:
Dungeon (2/15)

Altars:


Message History

The quokka is severely wounded.
The quokka completely misses you.
You hit the quokka.
You kill the quokka!
Trog accepts your kill.
An adder comes into view.
The goblin misses you.
You see here a quokka corpse.
You closely miss the goblin. The goblin barely misses you.
You barely miss the goblin.
The adder hisses angrily.
The goblin barely misses you.
You hit the adder.
The adder is heavily wounded.
You closely miss the goblin. The adder closely misses you.
The goblin closely misses you. The adder closely misses you.
You miss the adder.
The adder is heavily wounded.
You hit the goblin. The goblin hits you but does no damage.
The adder barely misses you.
You closely miss the adder.
The adder is heavily wounded.
You hit the goblin.
You kill the goblin!
Trog accepts your kill. The adder barely misses you.
You miss the adder.
The adder is heavily wounded.
The adder bites you. The adder misses you.
You barely miss the adder.
The adder is heavily wounded.
The adder bites you but does no damage.
You closely miss the adder.
The adder is heavily wounded.
The adder barely misses you. x2
You miss the adder.
The adder is heavily wounded.
The adder barely misses you.
You hit the adder but do no damage.
The adder is heavily wounded.
The adder misses you. The adder bites you.
* * * LOW HITPOINT WARNING * * *
You are lethally poisoned!
The adder poisons you!
You are too injured to fight recklessly!
You are too injured to fight recklessly!
You are too injured to fight recklessly!
You are too injured to fight recklessly!
You are too injured to fight recklessly!
You are too injured to fight recklessly!
You are too injured to fight recklessly!
You are too injured to fight recklessly!
You are too injured to fight recklessly!
A red film seems to cover your vision as you go berserk!
You feel yourself moving faster!
You feel mighty!
You feel a lot more hungry.
You feel sick. The adder bites you.
* * * LOW HITPOINT WARNING * * *
You are more poisoned.
The adder poisons you!
You are too injured to fight recklessly!
You are too injured to fight recklessly!
You are too injured to fight recklessly!
You are too injured to fight recklessly!
You are too injured to fight recklessly!
You closely miss the adder.
The adder is heavily wounded.
* * * LOW HITPOINT WARNING * * *
You feel sick. The adder barely misses you.
You slash the adder!
You kill the adder!
Trog accepts your kill.
You have reached level 2!
You are too berserk!
Unknown command.
* * * LOW HITPOINT WARNING * * *
You feel sick.
You feel a strong urge to attack something.
You feel your anger nearly subside.
* * * LOW HITPOINT WARNING * * *
You feel sick.
Unknown command.
You are no longer berserk.
You are exhausted.
You feel yourself slow down.
You see here a ration {!d}.
You aren't carrying any potions.
There isn't anything to butcher here.
e - 2 rations {!d} (gained 1)
* * * LOW HITPOINT WARNING * * *
You feel sick.
Unknown command.
* * * LOW HITPOINT WARNING * * *
You feel sick.
As you read the scroll labeled OFFUAT FOSEH, it crumbles to dust.
The scroll dissolves into smoke.
It was a scroll of fog.
Unknown command.
You aren't carrying any scrolls.
You aren't carrying any potions.
Unknown command.
You die...

##########
##§§§##...#####
##.§§@§.........
#..§§§§.........
#...§..§.†......
#....<.††)......
..................
........##........
...>########......
..## ...... .
.#####


There were no monsters in sight!

Vanquished Creatures
  An adder (D:2)
  A giant cockroach (D:1)
  A goblin (D:2)
  A quokka (D:2)
  A rat (D:2)
5 creatures vanquished.

Notes
Turn   | Place    | Note
-------+----------+-------------------------------------------
     0 | D:1      | dstrtnsr the Hill Orc Berserker began the quest for the Orb.
     0 | D:1      | Reached XP level 1. HP: 19/19 MP: 1/1
    50 | D:2      | HP: 5/20 [adder (5)]
    53 | D:2      | Reached XP level 2. HP: 4/27 MP: 2/2
    57 | D:2      | HP: 2/40 [poisoned by an adder]
    62 | D:2      | Succumbed to an adder's poison

Vault maps used:
D:1:      dpeg_arrival_windows_large_door, serial_co_window_serial,
          co_window_corner_a, co_window_paths_a, co_window_corner_a,
          co_window_of_opportunity_a, co_window_cross_1, co_window_paths_b,
          co_window_paths_b, co_window_2corner, co_window_corner_b,
          co_window_corner_b, co_window_corner_cb, co_window_paths_d
D:2:      lemuel_coloured_pillars_altar, chequers_ecumenical_altar_lobes,
          elyvilon_altar_4, uniq_terence

Action                   || total
-------------------------++-------
Melee: Hand axe          ||    24
Invok: Berserk           ||     1
  Use: Scroll            ||     1
Armor: Animal skin       ||     5
Dodge: Dodged            ||    21

Table legend:
 A = Spawn XP
 B = Non-spawn XP
 C = Spawn XP percentage of total XP
 D = Spawn monster count
 E = Non-spawn monster count
 F = Spawn count percentage of total count
 G = Total turns spent on level
                    A         B        C        D         E        F      G
               +---------+---------+-------+---------+---------+-------+---------
         Total |       0 |      20 |   0.0 |       0 |       5 |   0.0 |    62
               +---------+---------+-------+---------+---------+-------+---------
           D:1 |       0 |       2 |   0.0 |       0 |       1 |   0.0 |    28
           D:2 |       0 |      18 |   0.0 |       0 |       4 |   0.0 |    34
               +---------+---------+-------+---------+---------+-------+---------
